 Dungeon Crawl Stone Soup version 0.31.0-9-g3a7656b989 (webtiles) character file.

Game seed: 4229574971109337244

53 boopmooplesden the Twirler (level 3, -2/30 HPs)
             Began as a Minotaur Gladiator on Jan 24, 2024.
             Slain by a gnoll
             ... wielding a +0 spear
              (4 damage)
             ... on level 2 of the Dungeon.
             The game lasted 00:01:04 (632 turns).

boopmooplesden the Twirler (Minotaur Gladiator)      Turns: 632, Time: 00:01:05

Health: -2/30      AC:  4    Str: 20    XL:     3   Next: 62%
Magic:  2/2        EV: 12    Int:  5    God:
Gold:   38         SH:  0    Dex: 11    Spells: 2/2 levels left

rFire   . . .        a - +0 quarterstaff
rCold   . . .        (shield currently unavailable)
rNeg    . . .        b - +0 leather armour
rPois   .            c - +0 hat
rElec   .            h - +0 cloak
rCorr   .            (no gloves)
SInv    .            (no boots)
Will    .....        (no amulet)
Stlth   +            (no ring)
HPRegen 0.25/turn    (no ring)
MPRegen 0.08/turn

%: no passive effects
@: no status effects
A: horns 2, retaliatory headbutt
a: no special abilities


You were on level 2 of the Dungeon.
You visited 1 branch of the dungeon, and saw 2 of its levels.

You collected 38 gold pieces.

Inventory:

Hand Weapons
 a - a +0 quarterstaff (weapon)
Missiles
 d - 2 throwing nets (quivered)
 e - a javelin
 g - 4 poisoned darts
 k - 5 boomerangs
Armour
 b - a +0 leather armour (worn)
 c - a +0 hat (worn)
 h - a +0 cloak (worn)
Jewellery
 f - a ring of see invisible
 m - an amulet of faith
Wands
 n - a wand of flame (30)
Scrolls
 l - a scroll of teleportation {unknown}
Potions
 i - a potion of resistance {unknown}
 j - a potion of heal wounds {unknown}
 o - a potion of attraction {unknown}


   Skills:
 + Level 2.5 Fighting
 + Level 4.7 Staves
 + Level 2.1 Throwing
 + Level 0.2 Armour
 + Level 4.0 Dodging


You had 2 spell levels left.
You didn't know any spells.
Your spell library contained the following spells:

 Spells                   Type           Power      Damage    Failure   Level
 Frozen Ramparts          Ice            0%         1d1       88%         3
 Leda's Liquefaction      Alch/Erth      0%         N/A       99%         4
 Petrify                  Alch/Erth      0%         N/A       99%         4
 Metabolic Englaciation   Hex/Ice        0%         N/A       100%        5


Dungeon Overview and Level Annotations

Branches:
Dungeon (2/15)

Altars:


Innate Abilities, Weirdness & Mutations

You have a pair of horns on your head.
You reflexively headbutt those who attack you in melee.


Message History

Found a stone staircase leading down.
An endoplasm comes into view.
A kobold comes into view. It is wielding a +0 whip.
The gnoll misses you. The gnoll misses you. The gnoll hits you with a +0 flail!
The gnoll closely misses you. You furiously retaliate!
You headbutt the gnoll. You thump the gnoll! You headbutt the gnoll.
You kill the gnoll!
The gnoll misses you. You furiously retaliate!
You headbutt the gnoll. The gnoll misses you.
Things that are here:
a +0 whip; a gnoll corpse You barely miss the gnoll.
You headbutt the gnoll, but do no damage.
The gnoll is lightly wounded.
The gnoll barely misses you. You furiously retaliate!
You headbutt the gnoll.
The gnoll hits you from afar with a +0 spear!
The gnoll hits you from afar with a +0 spear.
The gnoll closely misses you. You furiously retaliate!
You headbutt the gnoll.
Throw: 3 throwing nets
Press: ? - help, Q - select action, (/) - cycle Shift-Dir - straight line, f - gnoll
Aim: a gnoll, wielding a +0 spear (heavily wounded, 58% to hit)
You throw a throwing net.
The throwing net closely misses the gnoll.
The throwing net closely misses the gnoll.
The throwing net hits the endoplasm.
The endoplasm effortlessly oozes through the net!
You hit the gnoll but do no damage.
The gnoll is heavily wounded.
The gnoll barely misses you.
The gnoll hits you from afar with a +0 spear.
* * * LOW HITPOINT WARNING * * *
The gnoll closely misses you. The gnoll hits you with a +0 spear.
* * * LOW HITPOINT WARNING * * *
The gnoll hits you from afar with a +0 spear.
* * * LOW HITPOINT WARNING * * *
There is an escape hatch in the ceiling here.
You see here a ribbon worm corpse.
The gnoll hits you from afar with a +0 spear.
You die...

###.>............(r
#...######.........
#.### ##.#...### #..
##.# #.... #
#.######..# ###
#........##
#..#...#### ###.## ##
###@.#### ######.
#.......#
#......####g......#
......(J.gg..........
.K<....g###.......###
........# #.......#
...)....# #.......#
........# ####.####
....J...# .#


You could see 3 gnolls.

Vanquished Creatures
  A gnoll (D:2)
  A dart slug (D:1)
  2 ribbon worms (D:2)
  4 ball pythons (D:1)
  4 endoplasms
  A giant cockroach (D:1)
  4 goblins (D:1)
  4 hobgoblins
  3 kobolds (D:1)
  A quokka (D:2)
  3 bats (D:1)
  A frilled lizard (D:1)
  3 rats (D:1)
32 creatures vanquished.

Notes
Turn   | Place    | Note
-------+----------+-------------------------------------------
     0 | D:1      | boopmooplesden the Minotaur Gladiator began the quest for
                  | the Orb.
     0 | D:1      | Reached XP level 1. HP: 18/18 MP: 0/0
    90 | D:1      | Reached XP level 2. HP: 23/25 MP: 1/1
   327 | D:1      | Reached XP level 3. HP: 30/30 MP: 2/2
   628 | D:2      | HP: 1/30 [gnoll/+0 spear (3)]
   632 | D:2      | Slain by a gnoll

Illustrated notes

Levels and vault maps discovered:
D:1:      evilmike_arrival_fibonacci_small, layout_rooms
D:2:      minmay_general_purpose_star, layout_rooms,
          dreamdust_ecumenical_altar_sealed_demon,
          nicolae_concentric_dashed_squares_mild

Skill      XL: |  1  2  3 |
---------------+----------+-----
Staves         | 4 |  4.7
Dodging        | 4 |  4.0
Fighting       | |  2.5
Throwing       | |  2.1
Armour         | |  0.2

Action                     || total
---------------------------++-------
  Melee: Quarterstaff      ||    52
         Headbutt          ||     9
  Throw: Throwing net      ||     1
 Armour: Leather armour    ||    29
  Dodge: Dodged            ||    41
